 Dungeon Crawl Stone Soup version 0.22-a0-271-gc000056 (webtiles) character file.

11123 HEYYEYAAE the Summoner (level 11, -8/92 HPs)
             Began as a Demigod Summoner on Mar 11, 2018.
             Mangled by a komodo dragon (22 damage)
             ... on level 1 of the Lair of Beasts.
             The game lasted 00:24:52 (14966 turns).

HEYYEYAAE the Summoner (Demigod Summoner)          Turns: 14966, Time: 00:24:52

Health: -8/92      AC: 12    Str: 11    XL:     11   Next: 21%
Magic:  16/25      EV:  5    Int: 25    God:
Gold:   680        SH:  0    Dex: 16    Spells: 16/23 levels left

rFire    + . .     SeeInvis .   n - +5 trident (venom)
rCold    . . .     Gourm    .   (no shield)
rNeg     . . .     Faith    .   C - +1 chain mail of the Other World {rPois rF+ MR++ Stlth-} (curse)
rPois    +         Spirit   .   (helmet restricted)
rElec    .         Reflect  .   j - +0 cloak
rCorr    .         Harm     .   o - +0 pair of gloves
MR       +++..     Clarity  +   (no boots)
Stlth    ..........             (no amulet)
HPRegen  0.25/turn              d - ring of flight
MPRegen  0.19/turn              (no ring)

@: about to teleport
A: horns 1, clarity, high mp 1, evolution 1
a: Evoke Flight


You were on level 1 of the Lair of Beasts.
You were not hungry.

You visited 3 branches of the dungeon, and saw 13 of its levels.

You collected 680 gold pieces.

Inventory:

Hand Weapons
 n - a +5 trident of venom (weapon)
Armour
 a - a +1 helmet
 j - a +0 cloak (worn)
 k - a +1 ring mail of cold resistance
 o - a +0 pair of gloves (worn)
 C - the cursed +1 chain mail of the Other World (worn) {rPois rF+ MR++ Stlth-}
   (You found it on level 8 of the Dungeon)

   It protects you from fire.
   It protects you from poison.
   It affects your resistance to hostile enchantments.
   It makes you less stealthy.
   It has a curse placed upon it.
Jewellery
 d - a ring of flight (left hand)
 u - an uncursed ring of ice
 A - an uncursed ring of fire
Wands
 i - a wand of random effects (21)
 s - a wand of flame (11)
 B - a wand of polymorph (5)
Scrolls
 b - a scroll of teleportation
 g - a scroll of vulnerability {unknown}
 h - 4 scrolls of enchant armour
 l - 3 scrolls of amnesia
 q - 2 scrolls of magic mapping
 r - a scroll of remove curse
 t - a scroll of summoning {unknown}
 x - a scroll of identify
 y - a scroll of noise {unknown}
 D - a scroll of enchant weapon
Potions
 e - a potion of brilliance
 f - 2 potions of degeneration
 m - 3 potions of flight
 p - 2 potions of cancellation
 w - a potion of resistance {unknown}
 z - a potion of mutation
Comestibles
 c - 19 rations


   Skills:
 + Level 7.2 Fighting
 * Level 7.8 Polearms
 + Level 3.2 Armour
 - Level 1.7 Dodging
 - Level 1.7 Stealth
 + Level 6.7 Spellcasting
 * Level 10.8 Summonings


You had 16 spell levels left.
You knew the following spells:

 Your Spells              Type           Power        Failure   Level  Hunger
a - Call Imp              Summ           ######..     5%          2    None
b - Summon Small Mammal   Summ           ####         3%          1    None
c - Summon Ice Beast      Ice/Summ       #####...     98%         4    ###....


Dungeon Overview and Level Annotations

Branches:
Dungeon (10/15)            Temple (1/1) D:6            Lair (2/6) D:9
  Swamp: Lair:2-4    Shoals: Lair:2-4     Snake: Lair:2-4    Spider: Lair:2-4
    Orc: D:9-12

Annotations:
D:10 Snorg


Innate Abilities, Weirdness & Mutations

You have an increased reservoir of magic. (+10% MP)
You have a pair of small horns on your head.
You possess an exceptional clarity of mind.
You evolve.


Message History

You feel nature experimenting on you.
Don't worry, failures die fast.
A pair of horns grows on your head!
Your +1 helmet falls away!
Your white imp gestures at the komodo dragon.
The puff of frost hits the komodo dragon.
The komodo dragon bites you.
* * * LOW HITPOINT WARNING * * *
The blink frog hits you!
* * * LOW HITPOINT WARNING * * *
The blink frog hits you.
* * * LOW HITPOINT WARNING * * *
The komodo dragon hisses menacingly.
The blink frog hits you.
* * * LOW HITPOINT WARNING * * *
The blink frog blinks!
As you read the scroll of teleportation, it crumbles to dust.
You feel strangely unstable.
Your crimson imp blinks!
The komodo dragon bites you!!
You die...

#.................#
####..#######.#P.....#
#.#.55#######.##.#...#
#..............#.#...#
##....................#
#P..............#.....#
#.....5.........#......
##...l§..F......P......
#....@................
#.....................
#..............##...##
######P#######)######
### ###


You could see a komodo dragon, a blink frog, 2 friendly crimson imps and a
friendly white imp.

Vanquished Creatures
  3 two-headed ogres (D:8)
  An ugly thing (D:8)
  3 centaur zombies (D:7)
  4 centaur skeletons (D:7)
  2 komodo dragons
  2 kobold demonologists (D:6)
  2 hellwings (D:7)
  A blink frog (Lair:1)
  3 yaks (D:9)
  A porcupine (Lair:1)
  2 orc warriors
  An ice beast (D:8)
  A necrophage (D:7)
  A black bear (D:10)
  A phantom (D:5)
  An ogre (D:8)
  4 centaurs
  A big kobold (D:7)
  2 bullfrogs
  5 killer bees
  A wight (D:6)
  An electric eel (Lair:1)
  5 howler monkeys
  A bullfrog zombie (D:5)
  2 crimson imps
  4 hounds
  An orc wizard (D:9)
  5 orc priests
  2 jellies (D:8)
  2 iguanas
  4 worker ants
  A killer bee zombie (D:7)
  A howler monkey zombie (D:7)
  3 adders
  A howler monkey skeleton (D:5)
  4 shadow imps
  An adder skeleton (D:4)
  3 adder zombies
  A worm (D:3)
  A dart slug (D:1)
  2 leopard geckos
  19 orcs
  4 bats
  2 giant cockroaches
  4 jackals
  3 kobolds
  4 frilled lizards
  3 goblins
  A jackal skeleton (D:5)
  5 rats
132 creatures vanquished.

Vanquished Creatures (collateral kills)
  The ghost of braks the Honourless, a journeyman HaHu of the Shining One (Lair:1)
  A two-headed ogre (D:8)
  A komodo dragon (Lair:1)
  A troll (D:10)
  A hippogriff (D:7)
  Eustachio (D:6)
  A hungry ghost (D:8)
  Edmund (D:6)
  2 water moccasins
  Duvessa (D:5)
  The ghost of darksquall the Ruffian, an amateur TrAK of Lugonu (D:3)
  A sky beast (D:5)
  4 ogres
  A black bear (Lair:1)
  An ice beast (D:6)
  A centaur (D:8)
  A bullfrog (D:7)
  Dowan (D:5)
  A scorpion (D:4)
  2 killer bees (D:8)
  2 wights (D:6)
  A howler monkey (D:8)
  2 crimson imps
  3 centaur zombies
  4 hounds
  A jelly (D:8)
  3 orc wizards
  2 orc priests
  2 iguanas
  3 worker ants
  A hound zombie (D:6)
  12 adders
  A river rat (D:3)
  3 shadow imps
  A white imp (D:5)
  4 adder skeletons
  A worm (D:5)
  A dart slug (D:4)
  4 leopard geckos
  13 orcs
  5 giant cockroaches
  8 goblins
  7 hobgoblins
  A jackal (D:2)
  5 kobolds
  5 bats
  A frilled lizard (D:3)
  A giant cockroach zombie (D:5)
  7 rats
129 creatures vanquished.

Vanquished Creatures (others)
  4 plants (D:9)
4 creatures vanquished.

Grand Total: 265 creatures vanquished

Notes
Turn   | Place    | Note
-------+----------+-------------------------------------------
     0 | D:1      | HEYYEYAAE the Demigod Summoner began the quest for the Orb.
     0 | D:1      | Reached XP level 1. HP: 14/14 MP: 5/5
   270 | D:1      | Reached XP level 2. HP: 21/22 MP: 4/7
   696 | D:1      | Reached skill level 4 in Summonings
  1407 | D:2      | Reached skill level 1 in Fighting
  1418 | D:2      | Reached XP level 3. HP: 28/28 MP: 4/8
  1746 | D:2      | Found a burning altar of Makhleb.
  1925 | D:2      | Reached XP level 4. HP: 22/35 MP: 7/10
  2156 | D:2      | Found an iron altar of Okawaru.
  2156 | D:2      | Found a shadowy altar of Dithmenos.
  2291 | D:3      | Noticed darksquall's ghost (amateur TrAK)
  2342 | D:4      | Learned a level 2 spell: Call Imp
  2364 | D:4      | Found a snail-covered altar of Cheibriados.
  2768 | D:4      | Noticed an ogre
  2781 | D:4      | Killed an ogre
  2781 | D:4      | Reached skill level 5 in Summonings
  2781 | D:4      | Reached XP level 5. HP: 3/41 MP: 1/11
  3340 | D:4      | Found an ancient bone altar of Kikubaaqudgha.
  3340 | D:4      | Found an opulent altar of Gozag.
  3393 | D:4      | HP: 2/41 [poisoned by a scorpion]
  3647 | D:4      | Found a shattered altar of Ashenzari.
  4271 | D:3      | Found a glowing silver altar of Zin.
  4749 | D:3      | Reached XP level 6. HP: 48/50 MP: 7/13
  4753 | D:3      | Found a sparkling altar of Nemelex Xobeh.
  4777 | D:3      | Killed darksquall's ghost
  4960 | D:5      | Entered Level 5 of the Dungeon
  5175 | D:5      | Noticed Duvessa
  5212 | D:5      | Noticed Dowan
  5215 | D:5      | Killed Duvessa
  5215 | D:5      | Reached skill level 6 in Summonings
  5277 | D:5      | Killed Dowan
  5630 | D:5      | Reached XP level 7. HP: 28/57 MP: 10/15
  6409 | D:5      | Found a deep blue altar of Sif Muna.
  6441 | D:6      | Noticed Edmund
  6454 | D:6      | Killed Edmund
  6459 | D:6      | Found a staircase to the Ecumenical Temple.
  6526 | D:6      | Learned a level 4 spell: Summon Ice Beast
  6554 | D:6      | Found a transporter.
  6623 | D:6      | Noticed a kobold demonologist
  6629 | D:6      | Noticed a kobold demonologist
  6642 | D:6      | Found a transporter.
  6687 | D:6      | Reached skill level 7 in Summonings
  7141 | D:6      | Found a glowing golden altar of the Shining One.
  7157 | D:6      | Noticed Eustachio
  7201 | D:6      | Killed Eustachio
  7939 | D:6      | Found a sparkling altar of Nemelex Xobeh.
  8208 | D:7      | Reached XP level 8. HP: 43/66 MP: 12/18
  8559 | D:7      | Reached skill level 1 in Polearms
  8617 | D:7      | Noticed a hippogriff
  8632 | D:7      | Killed a hippogriff
  8891 | D:7      | Found a glowing golden altar of the Shining One.
  8909 | D:7      | Reached skill level 8 in Summonings
  8998 | D:7      | Noticed a hellwing
  9226 | D:8      | Noticed a brown ugly thing
  9259 | D:8      | Killed a brown ugly thing
  9259 | D:8      | Reached skill level 5 in Fighting
  9312 | D:8      | Reached skill level 5 in Spellcasting
  9491 | D:8      | Reached XP level 9. HP: 37/74 MP: 14/20
  9599 | D:8      | Noticed a two-headed ogre
  9628 | D:8      | Killed a two-headed ogre
  9782 | D:8      | Found an ornate altar of the Wu Jian Council.
  9783 | D:8      | Noticed a two-headed ogre
  9804 | D:8      | Killed a two-headed ogre
  9804 | D:8      | Reached skill level 5 in Polearms
  9804 | D:8      | Reached skill level 9 in Summonings
  9974 | D:8      | Noticed a two-headed ogre
 10019 | D:8      | Killed a two-headed ogre
 10496 | D:8      | Noticed a two-headed ogre
 10518 | D:8      | Killed a two-headed ogre
 10518 | D:8      | Reached XP level 10. HP: 73/83 MP: 8/22
 10579 | D:8      | Got a smelly chain mail
 10600 | D:8      | Identified the cursed +1 chain mail of the Other World {rPois rF+ MR++ Stlth-} (You found it on level 8 of the Dungeon)
 10658 | D:8      | Found a stormy altar of Qazlal.
 10955 | D:7      | Reached skill level 1 in Armour
 10995 | D:7      | Reached skill level 10 in Summonings
 11823 | Temple   | Entered the Ecumenical Temple
 12501 | D:9      | Noticed Joseph
 12522 | D:9      | Noticed Joseph
 12522 | D:9      | Joseph changed into Joseph the water moccasin
 12531 | D:9      | Killed Joseph the water moccasin
 12794 | D:9      | Noticed a two-headed ogre
 13150 | D:9      | Reached XP level 11. HP: 79/91 MP: 19/24
 13217 | D:9      | Found a staircase to the Lair.
 13428 | D:10     | Entered Level 10 of the Dungeon
 13636 | D:10     | Noticed Snorg
 13730 | Lair:1   | Entered Level 1 of the Lair of Beasts
 13892 | Lair:1   | Noticed braks's ghost (journeyman HaHu)
 13979 | Lair:1   | Killed braks's ghost
 14838 | Lair:1   | HP: 3/92 [blink frog (9)]
 14962 | Lair:1   | Gained mutation: You possess an exceptional clarity of mind. [potion of mutation]
 14962 | Lair:1   | Gained mutation: You evolve. [potion of mutation]
 14962 | Lair:1   | Gained mutation: You have a pair of small horns on your head. [potion of mutation]
 14966 | Lair:1   | Mangled by a komodo dragon

Vault maps used:
D:1:      arrival_zaba_pyramid, hex_intersection
D:2:      lemuel_upstairs_altar, gammafunk_temple_overflow_wave,
          makhleb_heckhound_becter, first_ration, st_stairs_1, item_on_display_a
D:3:      overflow_temple_1_default, portal_sewer_entry_b,
          nemelex_xobeh_ov_fountains_minmay
D:4:      kennysheep_slug_shrine, gammafunk_temple_overflow_claw, hex_medium
D:5:      kennysheep_mini, minmay_misc_feat_columns, minmay_fire_ice_demons,
          uniq_duvessa
D:6:      gammafunk_wand_slinger, nicolae_overflow_crystal_walls,
          nicolae_overflow_hidden_temple, minmay_temple_entry_glass,
          minmay_misc_feat_x, uniq_eustachio, uniq_edmund
D:7:      cheibrodos_grave_circle, basic_altar
D:8:      nicolae_qazlal_general_emergency, lemuel_crystal_altar
D:9:      david_lair_shrubbed, uniq_joseph
D:10:     erik_orc_1, uniq_snorg
Temple:   jpeg_temple_island
Lair:2:   portal_ice_cave_entry_ice_beasts

Skill      XL: |  1  2  3  4  5  6  7  8  9 10 11 |
---------------+----------------------------------+-----
Spellcasting   | 2 3 4 5 6 |  6.7
Summonings     | 4 5 6 7 8 9 10 | 10.8
Fighting       | 1 2 3 4 5 6 7 |  7.2
Polearms       | 3 5 7 |  7.8
Armour         | 2 3 |  3.2
Dodging        | |  1.7
Stealth        | |  1.7

Action                   |  1- 3 |  4- 6 |  7- 9 | 10-12 || total
-------------------------+-------+-------+-------+-------++-------
Melee: Unarmed           |    30 |       |       |       ||    30
       Spear             |    96 |   400 |   287 |       ||   783
       Trident           |       |       |   147 |   293 ||   440
 Cast: Summon Small Mamm |    62 |    10 |       |       ||    72
       Call Imp          |       |    81 |   158 |   116 ||   355
Evoke: Wand              |       |       |    16 |    22 ||    38
  Use: Scroll            |     7 |     5 |     7 |     8 ||    27
       Potion            |       |       |       |     7 ||     7
 Stab: Sleeping          |     2 |     1 |     1 |       ||     4
       Distracted        |     1 |     2 |     7 |     8 ||    18
       Paralysed         |       |       |     1 |       ||     1
  Eat: Chunk             |     4 |    12 |     9 |    11 ||    36
       Ration            |       |     1 |     3 |     1 ||     5
Armor: Robe              |    16 |       |       |       ||    16
       Ring mail         |    35 |   201 |   226 |       ||   462
       Chain mail        |       |       |       |   203 ||   203
       Skin              |       |       |       |     2 ||     2
Dodge: Dodged            |    87 |   253 |   269 |    71 ||   680

Table legend:
 A = Spawn XP
 B = Non-spawn XP
 C = Spawn XP percentage of total XP
 D = Spawn monster count
 E = Non-spawn monster count
 F = Spawn count percentage of total count
 G = Total turns spent on level
                    A         B        C        D         E        F      G
               +---------+---------+-------+---------+---------+-------+---------
         Total |       0 |   15891 |   0.0 |       0 |     261 |   0.0 | 14966
               +---------+---------+-------+---------+---------+-------+---------
           D:1 |       0 |      38 |   0.0 |       0 |      29 |   0.0 |  1380
           D:2 |       0 |      84 |   0.0 |       0 |      18 |   0.0 |   871
           D:3 |       0 |     205 |   0.0 |       0 |      27 |   0.0 |   764
           D:4 |       0 |     219 |   0.0 |       0 |      21 |   0.0 |  2003
           D:5 |       0 |     624 |   0.0 |       0 |      31 |   0.0 |  1421
           D:6 |       0 |    1413 |   0.0 |       0 |      27 |   0.0 |  2233
           D:7 |       0 |    4958 |   0.0 |       0 |      37 |   0.0 |  1646
           D:8 |       0 |    4536 |   0.0 |       0 |      25 |   0.0 |  1926
           D:9 |       0 |    1293 |   0.0 |       0 |      25 |   0.0 |  1257
          D:10 |       0 |     775 |   0.0 |       0 |      13 |   0.0 |   227
        Lair:1 |       0 |    1746 |   0.0 |       0 |       8 |   0.0 |  1227
               +---------+---------+-------+---------+---------+-------+---------
